 Dungeon Crawl Stone Soup version 0.30.0-29-ga12c61a403 (webtiles) character file.

Game seed: 13249534153184431074

231 qw the Shield-Bearer (level 6, -3/37 HPs)
             Began as a Gargoyle Fighter on June 3, 2023.
             Killed by nerve-wracking pain
             ... invoked by an orc priest
              (4 damage)
             ... on level 4 of the Dungeon.
             The game lasted 00:01:21 (2921 turns).

qw the Shield-Bearer (Gargoyle Fighter)             Turns: 2921, Time: 00:01:21

Health: -3/37      AC: 17    Str: 21    XL:     6   Next: 3%
Magic:  6/6        EV:  9    Int:  7    God:
Gold:   33         SH: 11    Dex: 15    Spells: 5/5 levels left

rFire   . . .        Y - +0 war axe
rCold   + + .        i - +2 kite shield
rNeg    + . .        j - +4 scale mail of Refuge {Dex+2}
rPois   inf          (no helmet)
rElec   +            (no cloak)
rCorr   .            s - +0 pair of gloves
SInv    .            o - +0 pair of boots
Will    .....        (no amulet) Stlth
                     c - ring of Archaoppic {rElec rC+}
HPRegen 0.26/turn    (no ring)
MPRegen 0.10/turn

%: no passive effects
@: no status effects
A: sickness immunity, AC +4, negative energy resistance 1, electricity
resistance, torment resistance 1, petrification resistance, agile 1, cold
resistance 1, MP-powered wands
a: no special abilities


You were on level 4 of the Dungeon.
You visited 1 branch of the dungeon, and saw 4 of its levels.

You collected 181 gold pieces.
You spent 148 gold pieces at shops.


Innate Abilities, Weirdness & Mutations

You are immune to sickness and miasma.
Your stone body is resilient. (AC +4)
You are immune to poison.
You resist negative energy. (rN+)
You are resistant to electric shocks. (rElec)
You are resistant to unholy torment.
You are immune to petrification.
You are agile. (Dex +4, Str/Int -1)
Your flesh is cold resistant. (rC+)
You expend magic power (3 MP) to strengthen your wands.


   Skills:
 - Level 3.2 Fighting
 - Level 4.2 Axes
 - Level 3.2 Armour
 - Level 1.5 Dodging
 + Level 4.8 Shields


You had 5 spell levels left.
You didn't know any spells.
Your spell library was empty.

Inventory:

Hand Weapons
 r - a +0 flail
 Y - a +0 war axe (weapon)
Armour
 i - a +2 kite shield (worn)
 j - the +4 scale mail of Refuge (worn) {Dex+2}
   (You found it on level 3 of the Dungeon)

   Dex:       It affects your dexterity (+2).
 o - a +0 pair of boots (worn)
 s - a +0 pair of gloves (worn)
Jewellery
 c - the ring of Archaoppic (left hand) {rElec rC+}
   (You found it on level 2 of the Dungeon)

   [ring of protection from cold]

   rC:        It protects you from cold.
   rElec:     It insulates you from electricity.
Scrolls
 a - 2 scrolls of teleportation
 e - a scroll of fear {unknown}
 n - 2 scrolls of identify
Potions
 b - a potion of haste {unknown}
 d - 2 potions of might
 f - a potion of mutation
 g - 3 potions of resistance
 h - a potion of attraction
 k - a potion of heal wounds {unknown}
 l - a potion of berserk rage {unknown}
 m - a potion of ambrosia {unknown}

Dungeon Overview and Level Annotations

Branches:
Dungeon (4/15)
 Temple: D:4-7

Altars:
Yredelemnul

Shops:
D:4 **(:


Message History

The orc priest hits you but does no damage.
The orc priest mumbles some strange prayers to Beogh against you.
Beogh smites you!
An orc priest comes into view. It is wielding a +0 hand axe.
Enter note: You slash the orc priest!
The orc priest is severely wounded.
The orc priest closely misses you.
You hit the orc priest but do no damage.
The orc priest is severely wounded.
You barely miss the orc priest. You block the orc priest's attack.
The orc priest hits you but does no damage.
You hit the orc priest.
The orc priest is almost dead.
You hit the orc priest. You barely miss the orc.
The orc priest looks braver for a moment.
You block the orc's attack.
The orc priest looks braver for a moment.
You block the orc priest's attack. The orc hits you with a +0 club.
The orc priest misses you.
The orc priest begins to cast a cantrip, but forgets the words!
You hit the orc priest.
You kill the orc priest!
You slash the orc priest! You hit the orc.
You hear the brisk hiss of an avalanche of sand very nearby.
The orc closely misses you.
The orc priest calls down the wrath of Beogh upon you.
Beogh smites you!
You have reached level 6!
You barely miss the orc priest.
The orc priest is severely wounded.
You closely miss the orc. You hit the orc priest.
The orc priest calls down the wrath of Beogh upon you.
Beogh smites you! You block the orc's attack.
The orc priest closely misses you.
The orc priest hits you but does no damage.
You block the orc's attack.
The orc priest mumbles some strange prayers to Beogh against you.
Pain shoots through your body!
You die...

#.######..######
#...##..###
#.....###
#########...####
...............#
#####...#######
+.........
######...######
......?@.+
.##.#.ooo#
........#
....#....#
.####.....
..#+#.. ### ..
###


You could see 2 orc priests and an orc.

Vanquished Creatures
  A hound (D:4)
  2 orc priests (D:4)
  Natasha (twice) (D:3)
  2 adders
  3 dart slugs
  7 orcs
  5 ball pythons
  2 bats
  6 endoplasms
  8 goblins
  7 hobgoblins
  3 kobolds
  6 quokkas
  A frilled lizard (D:2)
  3 rats
58 creatures vanquished.

Notes
Turn   | Place    | Note
-------+----------+-------------------------------------------
     0 | D:1      | qw the Gargoyle Fighter began the quest for the Orb.
     0 | D:1      | Reached XP level 1. HP: 14/14 MP: 1/1
     0 | D:1      | 0 ||| qw: Version: 0.2-a-103-g5a998e5
     0 | D:1      | 0 ||| qw: Game counter: 1078
     0 | D:1      | 0 ||| qw: Always use a shield: true
     0 | D:1      | 0 ||| qw: God list: Okawaru
     0 | D:1      | 0 ||| qw: Allow faded altars: false
     0 | D:1      | 0 ||| qw: Do Orc after D:15 true
     0 | D:1      | 0 ||| qw: Do second Lair branch before Depths: true
     0 | D:1      | 0 ||| qw: Lair rune preference: random
     0 | D:1      | 0 ||| qw: Plans: Normal, Zot:1-4, Slime:5, God:TSO, Crypt,
                  | Tomb, Pan, Hells, Abyss, Win
     0 | D:1      | 0 ||| PLANNING D:1-11
    26 | D:1      | 26 ||| Stepping ~*~*~tactically~*~*~ (stealth).
    42 | D:1      | 42 ||| FLEEEEING.
    43 | D:1      | 43 ||| FLEEEEING.
    45 | D:1      | 45 ||| FLEEEEING.
    46 | D:1      | 46 ||| FLEEEEING.
    47 | D:1      | 47 ||| FLEEEEING.
    57 | D:1      | 57 ||| Stepping ~*~*~tactically~*~*~ (stealth).
    85 | D:1      | Reached XP level 2. HP: 17/19 MP: 2/2
   109 | D:1      | 109 ||| Stepping ~*~*~tactically~*~*~ (hiding).
   289 | D:1      | Found a faded altar of an unknown god.
   405 | D:1      | 405 ||| Stepping ~*~*~tactically~*~*~ (stealth).
   667 | D:1      | 667 ||| UPGRADING to +2 kite shield.
   677 | D:1      | 677 ||| DROPPING +0 buckler.
   678 | D:1      | 678 ||| READING scroll labelled IXKEYW TOFU.
   780 | D:2      | Reached skill level 3 in Axes
   783 | D:2      | Reached XP level 3. HP: 21/23 MP: 3/3
   843 | D:2      | 843 ||| Stepping ~*~*~tactically~*~*~ (stealth).
   871 | D:2      | Identified the ring of Archaoppic {rElec rC+}
  1005 | D:2      | 1005 ||| Stepping ~*~*~tactically~*~*~ (stealth).
  1022 | D:2      | 1022 ||| Stepping ~*~*~tactically~*~*~ (stealth).
  1071 | D:2      | Identified the +6 quarterstaff of the Extremely Mad {drain,
                  | rCorr}
  1516 | D:2      | 1516 ||| UPGRADING to ring of Archaoppic {rElec rC+}.
  1517 | D:2      | 1517 ||| READING scroll labelled PYCKUPP QEKLAXTARI.
  1518 | D:2      | 1518 ||| READING scroll labelled FOECURAUFA.
  1522 | D:2      | 1522 ||| READING scroll labelled VUS KEITUODEY.
  1549 | D:3      | 1549 ||| STAIRDANCE
  1596 | D:2      | 1596 ||| DROPPING +0 club.
  1603 | D:3      | Reached XP level 4. HP: 28/28 MP: 4/4
  1654 | D:3      | Identified the +4 scale mail of Refuge {Dex+2}
  1667 | D:3      | Identified the +4 spear of Grandeur {elec, +Blink Will+}
  1750 | D:3      | Noticed Natasha
  1757 | D:3      | Killed Natasha
  1771 | D:3      | Noticed Natasha
  1772 | D:3      | 1772 ||| Stepping ~*~*~tactically~*~*~ (stealth).
  1863 | D:3      | 1863 ||| Stepping ~*~*~tactically~*~*~ (hiding).
  1974 | D:3      | Found a basalt altar of Yredelemnul.
  2131 | D:3      | 2131 ||| DROPPING +0 mace.
  2281 | D:3      | 2281 ||| Stepping ~*~*~tactically~*~*~ (stealth).
  2283 | D:3      | 2283 ||| Stepping ~*~*~tactically~*~*~ (hiding).
  2301 | D:3      | Killed Natasha
  2302 | D:3      | Reached XP level 5. HP: 19/32 MP: 5/5
  2585 | D:3      | 2585 ||| UPGRADING to +4 scale mail of Refuge {Dex+2}.
  2595 | D:3      | 2595 ||| DROPPING +0 scale mail.
  2596 | D:3      | 2596 ||| UPGRADING to +0 pair of boots.
  2601 | D:3      | 2601 ||| UPGRADING to +0 pair of gloves.
  2606 | D:3      | 2606 ||| DROPPING +6 ring of intelligence.
  2607 | D:3      | 2607 ||| READING scroll labelled JEKHUD GAIZXO.
  2608 | D:3      | 2608 ||| READING scroll labelled MYASADO DAOX.
  2609 | D:3      | 2609 ||| DRINKING 2 bubbling dark potions.
  2609 | D:3      | Gained mutation: Your flesh is cold resistant. (rC+)
                  | [potion of mutation]
  2609 | D:3      | Gained mutation: You are agile. (Dex +4, Str/Int -1)
                  | [potion of mutation]
  2609 | D:3      | Gained mutation: You expend magic power (3 MP) to
                  | strengthen your wands. [potion of mutation]
  2610 | D:3      | 2610 ||| DRINKING 2 smoky orange potions.
  2631 | D:4      | 2631 ||| PLANNING OSSUARY
  2662 | D:4      | Found Soniek's Book Boutique.
  2663 | D:4      | Found Yqig Juischu's General Store.
  2672 | D:4      | Found Anytykky's Antique Weapon Boutique.
  2678 | D:4      | Found Weecraer's Assorted Antiques.
  2680 | D:4      | 2680 ||| BUYING potion of might (40 gold).
  2680 | D:4      | Bought a potion of might for 40 gold pieces
  2680 | D:4      | 2680 ||| BUYING scroll of teleportation (30 gold).
  2680 | D:4      | Bought a scroll of teleportation for 30 gold pieces
  2683 | D:4      | 2683 ||| BUYING sapphire potion (18 gold).
  2683 | D:4      | Bought a sapphire potion for 18 gold pieces
  2683 | D:4      | 2683 ||| BUYING scroll labelled NABUMIM YHYA (20 gold).
  2683 | D:4      | Bought a scroll labelled NABUMIM YHYA for 20 gold pieces
  2683 | D:4      | 2683 ||| BUYING scroll of identify (40 gold).
  2683 | D:4      | Bought a scroll of identify for 40 gold pieces
  2686 | D:4      | 2686 ||| SHOPLISTING pitted hand axe (200 gold, have 33).
  2803 | D:4      | Reached skill level 1 in Dodging
  2921 | D:4      | Reached XP level 6. HP: 11/37 MP: 6/6
  2921 | D:4      | HP: 1/37 [orc priest/divine providence (11)]
  2921 | D:4      | Killed from afar by an orc priest

Levels and vault maps discovered:
D:1:      scummos_arrival_checkerplants, layout_basic,
          ebering_ecumenical_altar_abandoned
D:2:      layout_basic
D:3:      layout_loops_ring, marbit_many_paths, uniq_natasha
D:4:      layout_basic, nicolae_overflow_crystal_walls,
          minmay_temple_entry_nine_rooms, enter_ossuary_5,
          gammafunk_ghost_smash, minmay_shop_grid_forest, grunt_decor_clamped

Skill      XL: |  1  2  3  4  5 |
---------------+----------------+-----
Axes           | 2 3 4 |  4.2
Shields        | 4 |  4.8
Dodging        | 1 |  1.5
Fighting       | |  3.2
Armour         | |  3.2

Action                     |  1- 3 |  4- 6 || total
---------------------------+-------+-------++-------
  Melee: War axe           |   117 |    87 ||   204
    Use: Scroll            |     4 |     2 ||     6
         Potion            |       |     2 ||     2
 Armour: Scale mail        |    41 |    41 ||    82
  Dodge: Dodged            |    47 |    30 ||    77
  Block: Buckler           |     5 |       ||     5
         Kite shield       |    46 |    47 ||    93

Table legend:
 A = Non-vault XP
 B = Vault XP
 C = Vault XP percentage of total XP
 D = Non-vault monster count
 E = Vault monster count
 F = Vault count percentage of total count
                 A         B        C        D         E       F
            +---------+---------+-------+---------+---------+-------
      Total |     293 |      37 |  11.2 |      56 |       2 |   3.4
            +---------+---------+-------+---------+---------+-------
        D:1 |      27 |       0 |   0.0 |      13 |       0 |   0.0
        D:2 |      54 |       0 |   0.0 |      23 |       0 |   0.0
        D:3 |      56 |      37 |  39.8 |      10 |       2 |  16.7
        D:4 |     156 |       0 |   0.0 |      10 |       0 |   0.0
            +---------+---------+-------+---------+---------+-------
